 Seeded DCSS version 0.30.1-6-gbe392663c4 (webtiles) character file.

Game seed: 15355723370913860151 (custom seed)

29 Psyclone the Stinger (level 3, 21/21 HPs)
             Began as an Octopode Venom Mage on Sept 20, 2023.
             Quit the game on level 2 of the Dungeon.
             The game lasted 00:03:31 (434 turns).

Psyclone the Stinger (Octopode Venom Mage)           Turns: 434, Time: 00:03:31

Health: 21/21      AC:  5    Str:  7    XL:     3   Next: 16%
Magic:  6/6        EV: 13    Int: 19    God:
Gold:   18         SH:  0    Dex: 12    Spells: 3/6 levels left

rFire   x . .        a - +0 dagger (speed)
rCold   . . .        (no shield)
rNeg    + . .        f - +4 hat "Diycsoll" {rPois rF- rN+}
rPois   +            (no amulet)
rElec   .            (no ring)
rCorr   .            (no ring)
SInv    .            (no ring)
Will    .....        (no ring)
Stlth   +++          (no ring)
HPRegen 0.23/turn    (no ring)
MPRegen 0.10/turn    (no ring)
                     (no ring)

%: no passive effects
@: no status effects
A: almost no armour, amphibious, 8 rings, camouflage 1, gelatinous body 1,
(nimble swimmer 1), tentacles
a: no special abilities


You were on level 2 of the Dungeon.
You visited 1 branch of the dungeon, and saw 2 of its levels.

You collected 18 gold pieces.

Inventory:

Hand Weapons
 a - a +0 dagger of speed (weapon)
Armour
 f - the +4 hat "Diycsoll" (worn) {rPois rF- rN+}
   (You acquired it on level 2 of the Dungeon)

   rF:        It makes you vulnerable to fire.
   rPois:     It protects you from poison.
   rN:        It protects you from negative energy.
Scrolls
 c - 3 scrolls of fog {unknown}
 e - a scroll of acquirement
Potions
 b - a potion of magic
 d - 2 potions of mutation {unknown}


   Skills:
 - Level 2.0 Dodging
 - Level 2.6 Stealth
 - Level 2.0 Spellcasting
 - Level 1.0 Transmutations
 + Level 5.1 Poison Magic


You had 3 spell levels left.
You knew the following spells:

 Your Spells              Type           Power      Damage    Failure   Level
a - Poisonous Vapours     Pois/Air       22%        N/A       9%          2
v - Sting                 Tmut/Pois      52%        1d5       4%          1

Your spell library contained the following spells:

 Spells                   Type           Power      Damage    Failure   Level
 Mephitic Cloud           Conj/Pois/Air  8%         N/A       26%         3
 Summon Guardian Golem    Hex/Summ       1%         N/A       45%         3
 Olgreb's Toxic Radiance  Pois           21%        N/A       21%         4
 Orb of Destruction       Conj           0%         9d5       100%        7
 Spellforged Servitor     Conj/Summ      0%         N/A       100%        7


Dungeon Overview and Level Annotations

Branches:
Dungeon (2/15) Zot: 11571

Altars:


Innate Abilities, Weirdness & Mutations

You cannot wear most types of armour.
You are amphibious.
You can wear up to eight rings at the same time.
Your skin changes colour to match your surroundings (Stealth+).
Your rubbery body absorbs attacks. (AC +1, EV +1)
((You are camouflaged when in or above water. (Stealth+)))
You have tentacles for arms and can constrict up to eight enemies at once.


Message History

Found 14 gold pieces.
d - 2 viscous pink potions
Found a scroll labelled MOTSAR IN UMOCS.
A rat comes into view.
A dart slug comes into view.
You hit the rat but do no damage. Your grab misses the rat.
You squeeze the rat.
You kill the rat!
Casting: Poisonous Vapours (safe; 9% risk of failure)
Confirm with . or Enter, or press ? or * to list all spells.
Aiming: Poisonous Vapours (safe; 9% risk of failure)
Press: ? - help, Dir - move target, f - dart slug
Aim: a dart slug (asleep) Poisonous vapours surround the dart slug!
The dart slug is poisoned.
The dart slug launches a dart at you. The slug dart hits you.
You take 4 damage, and have 17/21 hp.
You now have 4/6 mp.
Casting: Poisonous Vapours (safe; 9% risk of failure)
Confirm with . or Enter, or press ? or * to list all spells.
Aiming: Poisonous Vapours (safe; 9% risk of failure)
Press: ? - help, Dir - move target, f/p - dart slug
Aim: a dart slug (moderately wounded, poisoned) Poisonous vapours surround the dart slug!
The dart slug looks even sicker.
You now have 2/6 mp.
You feel a bit more experienced.
Found 2 scrolls labelled XINEFO PERAKKI.
You see here a rat corpse.
Health restored: 21
e - 2 scrolls labelled XINEFO PERAKKI You start resting.
Magic restored.
MP restored: 6 This is a scroll of acquirement!
Something appears before you!
f - the +4 hat "Diycsoll" {rPois rF- rN+} You start putting on your armour.
You continue putting on the +4 hat "Diycsoll" {rPois rF- rN+}. x4
You finish putting on the +4 hat "Diycsoll" {rPois rF- rN+}.
Are you sure you want to abandon this character and quit the game? (Confirm with "yes".)

#......#######
.$
######†......##.
#.....†....
#.......♣
#......♣♣
#......♣
####.#..♣
#.##.♣♣♣♣♣
#.@.......
##....####
######


There were no monsters in sight!

Vanquished Creatures
  An adder (D:2)
  2 dart slugs
  An endoplasm (D:2)
  6 hobgoblins (D:2)
  3 kobolds
  3 rats (D:2)
16 creatures vanquished.

Notes
Turn   | Place    | Note
-------+----------+-------------------------------------------
     0 | D:1      | Psyclone the Octopode Venom Mage began the quest for the
                  | Orb.
     0 | D:1      | Reached XP level 1. HP: 11/11 MP: 3/3
    32 | D:1      | Reached skill level 4 in Poison Magic
    88 | D:2      | Reached XP level 2. HP: 17/17 MP: 5/5
    92 | D:2      | Learned a level 2 spell: Poisonous Vapours
   286 | D:2      | Reached skill level 5 in Poison Magic
   286 | D:2      | Reached XP level 3. HP: 21/21 MP: 1/6
   427 | D:2      | Identified 2 scrolls of acquirement
   427 | D:2      | Acquired the +4 hat "Diycsoll" {rPois rF- rN+}
   434 | D:2      | Quit the game

Illustrated notes

Levels and vault maps discovered:
D:1:      psy_arrival_whirlpool, layout_basic, nicolae_shop_unique_rings,
          minmay_octomino_j4
D:2:      layout_basic, minmay_misc_feat_square, nrook_campfire,
          glass_columns_b, eino_curves_03, minmay_crystal_room,
          grunt_ministairs_5, st_stairs_10

Skill      XL: |  1  2 |
---------------+-------+-----
Poison Magic   | 4 5 |  5.1
Dodging        | |  2.0
Stealth        | |  2.6
Spellcasting   | |  2.0
Transmutations | |  1.0

Action                     || total
---------------------------++-------
  Melee: Tentacles         ||     7
         Unarmed           ||     3
         Dagger            ||    14
         Constrict         ||     6
   Cast: Sting             ||     4
         Poisonous Vapours ||    12
    Use: Scroll            ||     1
   Stab: Sleeping          ||     2
 Armour: Skin              ||     2
  Dodge: Dodged            ||     9
